 Dungeon Crawl Stone Soup version 0.17-a0-1475-g9f81d98 (webtiles) character file.

70 zhaorenw the Insei (level 4, -1/28 HPs)
             Began as an Octopode Transmuter on July 2, 2015.
             Slain by Crazy Yiuf
             ... wielding a +4 quarterstaff of chaos
              (6 damage)
             ... on level 2 of the Dungeon.
             The game lasted 00:06:50 (3288 turns).

zhaorenw the Insei (Octopode Transmuter)            Turns: 3288, Time: 00:06:50

Health: -1/28      AC:  2    Str:  9    XL:     4   Next: 22%
Magic:  0/7        EV: 19    Int: 16    God:
Gold:   130        SH:  0    Dex: 17    Spells: 3 memorised, 1 level left

rFire  . . .     SeeInvis .       - Unarmed
rCold  . . .     Clarity  .     (shield currently unavailable)
rNeg   . . .     SustAt   .     (helmet currently unavailable)
rPois  x         Gourm    .     (no amulet)
rElec  .         Spirit   .     (no ring)
rCorr  .         Warding  .     (no ring)
rMut   .         Stasis   .     (no ring)
MR     .....                    (no ring)
Stlth  ++........               (no ring)
                                (no ring)
                                (no ring)
                                (no ring)

@: spider-form (expiring), slowed, very slow, not resistant to hostile
enchantments, unstealthy
A: almost no armour, amphibious, 8 rings, (constrict 8), (camouflage 0),
(gelatinous body 0)
a: End Transformation


You were on level 2 of the Dungeon.
You were hungry.
You were a venomous arachnid creature.
You visited 1 branch of the dungeon, and saw 3 of its levels.

You collected 130 gold pieces.

Inventory:

Missiles
 a - 40 arrows
 i - 3 arrows of flame
 m - a throwing net {=f, !d}
Potions
 d - a potion of brilliance {unknown}
 e - a potion of cancellation {unknown}
 f - 2 potions of lignification {!q}
 h - 3 potions of heal wounds {unknown}
 l - a potion of curing {unknown}
 n - a potion of invisibility {unknown}
 o - 2 potions of flight
Books
 b - a book of Changes
Comestibles
 c - 2 bread rations {@e1}
 j - 3 meat rations {@e2}


   Skills:
 - Level 1.0 Fighting
 - Level 2.0 Dodging
 * Level 4.3 Unarmed Combat
 - Level 2.3 Spellcasting
 - Level 2.4 Transmutations
 + Level 0.8 Poison Magic


You had one spell level left.
You knew the following spells:

 Your Spells              Type           Power        Failure   Level  Hunger
a - Beastly Appendage     Trmt           #.....       24%         1    #......
r - Spider Form           Trmt/Pois      #.........   56%         3    ###....
s - Sticks to Snakes      Trmt           #.........   28%         2    ###....


Dungeon Overview and Level Annotations

Branches:
Dungeon (3/15)

Altars:

Annotations:
D:2 exclusion: 3 downstairs, Crazy Yiuf
D:3 Cryogen's ghost, average OgBe


Innate Abilities, Weirdness & Mutations

You cannot wear most types of armour.
You are amphibious.
You can wear up to eight rings at the same time.
((You can use your tentacles to constrict eight enemies at once.))
((Your skin changes colour to match your surroundings (Stealth).))
((Your rubbery body absorbs attacks (AC +1).))


Message History

The kobold throws a stone.
The stone completely misses you.
Found an escape hatch in the floor.
The kobold throws a stone.
The stone hits you but does no damage.
Things that are here:
a stone; an inky potion The kobold throws a stone.
The stone hits you but does no damage.
You see here a stone.
The kobold hits you but does no damage.
You barely miss the kobold. Your grab misses the kobold.
Your squeeze misses the kobold. The kobold barely misses you.
You tentacle-slap the kobold. Your grab misses the kobold.
You tentacle-slap the kobold.
You kill the kobold!
Casting: Sticks to Snakes
Okay, then.
You see here a stone.
h - 3 inky potions (gained 1)
You see here a stone.
You see here 2 stones.
i - 3 arrows of flame
a - 44 arrows (gained 10)
Casting: Sticks to Snakes You create a snake!
All of the chunks of flesh in your inventory have rotted away.
You now have 5/7 mp.
Casting: Sticks to Snakes You create a snake!
You now have 3/7 mp.
Unknown command.
Casting: Sticks to Snakes You create a snake!
You now have 1/7 mp.
You swap places.
Crazy Yiuf the Enlightened comes into view.
He is wielding a quarterstaff of chaos.
Crazy Yiuf sings, "Trees, trees, trees, circus!"
Crazy Yiuf closely misses your adder.
Crazy Yiuf hits your adder with a quarterstaff of chaos!
Crazy Yiuf burns your adder.
Your adder dies!
You swap places.
Crazy Yiuf hits your ball python with a quarterstaff of chaos!
Your ball python dies!
You swap places.
Casting: Sticks to Snakes You create a snake!
Crazy Yiuf shouts!
You are feeling hungry.
Crazy Yiuf laughs, "Ghoul head arm!"
Crazy Yiuf closely misses your ball python.
You now have 1/7 mp.
Your ball python bites Crazy Yiuf but does no damage.
Your ball python grabs Crazy Yiuf.
Your ball python constricts Crazy Yiuf.
Crazy Yiuf hits your ball python with a quarterstaff of chaos!
Your ball python dies!
Crazy Yiuf yells, "Key wrapper infinity!"
Crazy Yiuf cries, "Whiteboard leg canine!"
Crazy Yiuf screams, "Scoff blue unthinkable!"
Crazy Yiuf says, "Nubble!
Tonal stair sanguine."
Crazy Yiuf grits, "Goober!"
Crazy Yiuf whimpers, "Whiteboard hand noodlescoop!"
You see here 15 gold pieces.
A kobold comes into view. It is wielding a dagger of protection.
Crazy Yiuf sings, "Trees, trees, trees, circus!"
Crazy Yiuf says, "Cards sow bag!"
Crazy Yiuf flaps his cloak.
Crazy Yiuf says, "Buddy!
Race light mumblescurry."
There is a stone staircase leading up, spattered with blood here.
Crazy Yiuf says, "Rot!"
Crazy Yiuf closely misses you.
You climb upwards.
Level annotation: exclusion: 3 downstairs
There is a stone staircase leading down here.
Crazy Yiuf laughs, "Blight sing-song canine!"
Crazy Yiuf twirls on the spot.
Casting: Sticks to Snakes You turn into a venomous arachnid creature.
Crazy Yiuf completely misses you.
Crazy Yiuf hits you with a quarterstaff of chaos.
You feel your power leaking away.
You take 3 damage, and have 25/28 hp.
You now have 2/7 mp.
You hit Crazy Yiuf. Crazy Yiuf misses you.
You hit Crazy Yiuf.
Crazy Yiuf says, "Aardvark!"
Crazy Yiuf closely misses you.
You barely miss Crazy Yiuf. You hit Crazy Yiuf but do no damage.
Crazy Yiuf hits you with a quarterstaff of chaos!
You feel yourself slow down.
You take 12 damage, and have 13/28 hp.
MASSIVE DAMAGE!!
You hit Crazy Yiuf.
Your transformation is almost over.
Crazy Yiuf hits you with a quarterstaff of chaos!
* * * LOW HITPOINT WARNING * * *
You feel your power leaking away.
You take 8 damage, and have 5/28 hp.
MASSIVE DAMAGE!!
You now have 0/7 mp.
Crazy Yiuf hits you with a quarterstaff of chaos.
You die...

#.# #.# ### #.# ###### #..
#.###....## #.. #.........#
#.. #.........# ####..
##.........# #.....
#..........# #....#
#######..s..####### #..).#
#.....#.g#.#......# #....#
#.....#..#.#......###....#
###.........................
#..>...................)....
#............#..(...########
##............#......# #...
#.....#.......######## #...
#....##.......# #...


You could see Crazy Yiuf.

Vanquished Creatures
  2 adders (D:2)
  An ooze (D:1)
  2 giant geckos
  An orc (D:3)
  2 ball pythons (D:1)
  8 hobgoblins
  3 jackals
  5 kobolds
  8 bats
  2 giant newts
  4 goblins
  8 rats
46 creatures vanquished.

Vanquished Creatures (collateral kills)
  A worm (D:2)
1 creature vanquished.

Grand Total: 47 creatures vanquished

Notes
Turn   | Place    | Note
--------------------------------------------------------------
     0 | D:1      | zhaorenw the Octopode Transmuter began the quest for the Orb.
     0 | D:1      | Reached XP level 1. HP: 13/13 MP: 3/3
   186 | D:1      | Reached XP level 2. HP: 18/18 MP: 5/5
   213 | D:1      | Learned a level 2 spell: Sticks to Snakes
  1024 | D:1      | Reached XP level 3. HP: 23/23 MP: 6/6
  1329 | D:2      | Learned a level 3 spell: Spider Form
  1667 | D:2      | Reached skill level 4 in Unarmed Combat
  2007 | D:2      | Reached XP level 4. HP: 12/28 MP: 7/7
  2243 | D:2      | Learned a level 1 spell: Beastly Appendage
  2254 | D:3      | Noticed Cryogen's ghost (average OgBe)
  2264 | D:3      | HP: 7/28 [bat (1)]
  3213 | D:3      | Noticed Crazy Yiuf
  3287 | D:2      | HP: 5/28 [Crazy Yiuf/quarterstaff of chaos (8)]
  3288 | D:2      | Slain by Crazy Yiuf

Vault maps used:
D:1:      onia_arrival_handbag, minmay_misc_feat_five, serial_bayou_lagoon_b
D:2:      kennysheep_generic_room_12
D:3:      uniq_crazy_yiuf_cottage

Action                   |  1- 3 |  4- 6 || total
-------------------------+-------+-------++-------
Melee: Unarmed           |    86 |    27 ||   113
 Cast: Beastly Appendage |     1 |       ||     1
       Sticks to Snakes  |     5 |     7 ||    12
       Spider Form       |       |     1 ||     1
  Use: Scroll            |       |     4 ||     4
 Stab: Sleeping          |    13 |     2 ||    15
       Distracted        |     1 |     1 ||     2
  Eat: Chunk             |     4 |     2 ||     6
       Beef jerky        |       |     1 ||     1

Vault maps used:
D:1:      onia_arrival_handbag, minmay_misc_feat_five, serial_bayou_lagoon_b
D:2:      kennysheep_generic_room_12
D:3:      uniq_crazy_yiuf_cottage

Table legend:
 A = Turns spent in this place as a percentage of turns spent in the entire game.
 B = Non-inter-level travel turns spent in this place as a percentage of non-inter-level travel turns spent in the entire game.
 C = Inter-level travel turns spent in this place as a percentage of turns spent in this place.
 D = Turns resting spent in this place as a percentage of non-inter-level travel turns spent in this place.
 E = Turns spent auto-exploring this place as a percentage of non-inter-level travel turns spent in this place.
 F = Non-inter-level travel turns spent in this place divided by the number of levels of this place that you've seen.
                   A       B       C       D       E      F
               +-------+-------+-------+-------+-------+----------------------
         Total | 100.0 | 100.0 |   0.5 |   3.7 |   4.2 | 364.7
       Dungeon | 100.0 | 100.0 |   0.5 |   3.7 |   4.2 | 364.7
               +-------+-------+-------+-------+-------+----------------------

Table legend:
 A = Kills in this place as a percentage of kills in entire the game.
 B = Kills by you in this place as a percentage of kills by you in the entire game.
 C = Kills by friends in this place as a percentage of kills by friends in the entire game.
 D = Other kills in this place as a percentage of other kills in the entire game.
 E = Experience gained in this place as a percentage of experience gained in the entire game.
 F = Experience gained in this place divided by the number of levels of this place that you have seen.
                   A       B       C       D       E      F
               +-------+-------+-------+-------+-------+----------------------
         Total | 100.0 | 100.0 | 100.0 |  -nan | 100.0 |  33.7
       Dungeon | 100.0 | 100.0 | 100.0 |  -nan | 100.0 |  33.7
               +-------+-------+-------+-------+-------+----------------------
